Map: Ulrena

Players

AcerBly (Bly) - Winner!

  • Race: Zerg Zerg
  • League: Grandmaster

TomikuS

  • Race: Zerg Zerg
  • League: Grandmaster

Event: Gauntlet LotV Series 1 Qualifier 2

VOD

Have the link to the VOD?

Description

Time

  • Played on: Dec. 5, 2015, 2:33 p.m.
  • Length: 3:55

All games in this series

Show
View Real Time Build Order
Export as new Build Order

AcerBly Zerg - Winner!

Build Orders: Pool Only, Zergling Baneling 

Get SALT Encoding   

  12  0:02  Drone  
  13  0:13  Drone  
  14  0:19  Extractor  
  13  0:28  Spawning Pool  
  12  0:33  Drone  
  13  0:38  Drone  
  14  0:45  Drone, Extractor  
  15  0:52  Overlord  
  15  1:14  Queen  
  15  1:15  Zergling x2  
  15  1:16  Zergling x2  
  19  1:20  Zergling x2  
  20  1:26  Metabolic Boost  
  20  1:32  Zergling x2  
  21  1:42  Baneling Nest  
  21  1:46  Zergling x2  
  21  1:54  Overlord  
  21  2:00  Zergling x2  
  22  2:17  Zergling x2  
  23  2:24  Zergling x8  
  23  2:37  Zergling x2  
  23  2:47  Baneling  
  23  2:48  Baneling x2  
  23  2:50  Zergling x2  
  24  2:55  Baneling x4  
  24  2:57  Zergling x2  
  25  2:59  Zergling x2  
  25  3:04  Zergling x2  
  27  3:16  Zergling x4  
  29  3:23  Zergling x2  
  30  3:32  Zergling x2  
  30  3:33  Zergling x2  
  29  3:36  Baneling x4  
Show
View Real Time Build Order
Export as new Build Order

TomikuS Zerg 

Build Orders: Hatch First 

Get SALT Encoding   

  12  0:01  Drone  
  13  0:12  Overlord  
  13  0:17  Drone  
  14  0:30  Drone x2  
  14  0:35  Drone  
  17  0:52  Hatchery  
  17  0:55  Drone  
  17  0:58  Drone  
  18  1:06  Drone  
  18  1:07  Extractor  
  18  1:18  Spawning Pool  
  18  1:21  Drone  
  18  1:28  Drone  
  19  1:39  Overlord  
  19  2:06  Spine Crawler, Queen, Zergling x6  
  19  2:07  Metabolic Boost  
  23  2:15  Spine Crawler  
  17  2:46  Zergling x2  
  17  2:47  Zergling x4  
  20  3:04  Baneling Nest  
  19  3:10  Zergling x2  
  19  3:11  Zergling x2  
  18  3:20  Zergling x2  
  18  3:28  Evolution Chamber  
Tags
 
Add a new tag
Caveats
  • Supply blocks, unpowered buildings, or Contaminate may cause inaccurate times.
  • Supply counts are checked every 10 seconds.